 Dungeon Crawl Stone Soup version 0.20.1-1-g8b1a95d (webtiles) character file.

167 slep the Skirmisher (level 5, -2/39 HPs)
             Began as a Demonspawn Abyssal Knight on Oct 26, 2017.
             Was a Believer of Lugonu.
             Slain by a gnoll (4 damage)
             ... on level 4 of the Dungeon.
             The game lasted 00:16:38 (3012 turns).

slep the Skirmisher (Demonspawn Abyssal Knight)     Turns: 3012, Time: 00:16:38

Health: -2/39      AC: 11    Str: 12    XL:     5   Next: 23%
Magic:  7/7        EV:  5    Int: 14    God:    Lugonu [**....]
Gold:   133        SH:  0    Dex: 13    Spells: 4/4 levels left

rFire    + + .     SeeInvis +   a - +1 falchion
rCold    . . .     Gourm    .   (no shield)
rNeg     . . .     Faith    .   q - +0 fire dragon scales
rPois    .         Spirit   .   (no helmet)
rElec    .         Reflect  .   (no cloak)
rCorr    .         Harm     .   i - +0 pair of gloves
MR       .....     Rnd*Tele +   (no boots)
Stlth    ..........             (no amulet)
Regen    0.2/turn               m - -3 ring of evasion (curse)
MPRegen  0.1/turn               w - ring of see invisible

@: no status effects
A: hooves 1, rugged brown scales 1, cold resistance 1, [frail 1], [teleportitis
3]
a: Depart the Abyss, Bend Space, Renounce Religion


You were on level 4 of the Dungeon.
You worshipped Lugonu.
Lugonu was pleased with you.
You were not hungry.

You visited 1 branch of the dungeon, and saw 4 of its levels.
You visited the Abyss 1 time.

You collected 133 gold pieces.

Inventory:

Hand Weapons
 a - a +1 falchion (weapon)
 n - a +1 mace of protection
 y - a cursed -1 flail
Armour
 b - a +0 leather armour
 i - a +0 pair of gloves (worn)
 q - +0 fire dragon scales (worn)
Jewellery
 m - a cursed -3 ring of evasion (left hand)
 w - a ring of see invisible (right hand)
Scrolls
 d - a scroll of enchant armour {unknown}
 f - 3 scrolls of magic mapping {unknown}
 g - 2 scrolls of remove curse {unknown}
 h - 2 scrolls of blinking {unknown}
 k - 2 scrolls of random uselessness {unknown}
 r - a scroll of amnesia {unknown}
 s - 2 scrolls of teleportation {unknown}
 t - a scroll of identify {unknown}
 u - a scroll of noise {unknown}
Potions
 e - 2 potions of heal wounds
 j - a potion of resistance {unknown}
 p - a potion of agility {unknown}
Comestibles
 c - a bread ration
 l - 6 fruits
 o - 3 royal jellies
 v - 3 chunks of flesh
 x - a meat ration


   Skills:
 + Level 3.7 Fighting
 + Level 2.9 Long Blades
 + Level 1.9 Maces & Flails
 + Level 2.4 Armour
 + Level 1.6 Dodging
 + Level 0.4 Stealth
 + Level 2.7 Invocations


You had 4 spell levels left.
You didn't know any spells.

Dungeon Overview and Level Annotations

Branches:
Dungeon (4/15)
 Temple: D:4-7

Altars:
Elyvilon
Gozag
Ru
Uskayaw
The Shining One


Innate Abilities, Weirdness & Mutations

You have large cloven feet.
You are partially covered in rugged brown scales. (AC +1, +3% HP)
Your flesh is cold resistant. (rC+)
[You are frail. (-10% HP)]
[You are often teleported next to monsters.]


Message History

The gnoll is moderately wounded.
The orc throws a tomahawk.
The tomahawk hits you but does no damage.
The gnoll closely misses you.
You riposte.
You closely miss the gnoll.
A gnoll comes into view. It is wielding a whip of electrocution.
The gnoll shouts!
Your kick misses the gnoll.
The gnoll is moderately wounded.
The gnoll barely misses you.
The orc throws a tomahawk.
The tomahawk hits you.
* * * LOW HITPOINT WARNING * * *
Unknown command.
You hit the gnoll.
The gnoll is severely wounded.
The gnoll hits you but does no damage. The gnoll hits you with a whip.
* * * LOW HITPOINT WARNING * * *
Unknown command.
You barely miss the gnoll.
The gnoll is severely wounded.
The gnoll hits you.
You die...

....##..##...... ..
#..##...... .
########...?...._.
..##.....##..........
........g)...#.<#...
#......#...####... #
#...o..###.#
#..##.....$# ##
#....@g)...#
#..[%.g....#
#...#...!.##
#...####### #.. #..
#. #.


You could see 3 gnolls and an orc.

Vanquished Creatures
  An orc wizard (D:3)
  7 adders
  2 worms (D:3)
  A dart slug (D:1)
  A leopard gecko (D:1)
  7 orcs
  4 ball pythons
  3 giant cockroaches (D:1)
  9 goblins
  6 hobgoblins
  4 jackals (D:3)
  2 bats (D:1)
  5 frilled lizards
  8 kobolds
  8 rats
68 creatures vanquished.

Notes
Turn   | Place    | Note
-------+----------+-------------------------------------------
     0 | Abyss:1  | slep the Demonspawn Abyssal Knight began the quest for the Orb.
     0 | Abyss:1  | Reached XP level 1. HP: 18/18 MP: 2/2
    77 | Abyss:1  | Noticed a wretched star
    82 | D:1      | Escaped the Abyss
   306 | D:1      | Reached skill level 1 in Dodging
   330 | D:1      | Gained mutation: You are partially covered in rugged brown scales. (AC +1, +3% HP) [demonic ancestry]
   330 | D:1      | Reached XP level 2. HP: 6/19 MP: 4/4
   577 | D:1      | Reached * piety under Lugonu
  1151 | D:1      | Reached XP level 3. HP: 24/24 MP: 5/5
  1422 | D:2      | Found a faded altar of an unknown god.
  1623 | D:2      | Gained mutation: Your flesh is cold resistant. (rC+) [demonic ancestry]
  1623 | D:2      | Reached XP level 4. HP: 25/29 MP: 6/6
  1665 | D:2      | Reached skill level 1 in Maces & Flails
  1889 | D:2      | Found a sacrificial altar of Ru.
  2113 | D:2      | You fall through a shaft for 2 floors!
  2159 | D:4      | Found a glowing golden altar of the Shining One.
  2303 | D:3      | Found a hide-covered altar of Uskayaw.
  2378 | D:3      | Reached ** piety under Lugonu
  2845 | D:3      | Gained mutation: You have large cloven feet. [demonic ancestry]
  2845 | D:3      | Reached XP level 5. HP: 23/39 MP: 7/7
  2981 | D:4      | Found an opulent altar of Gozag.
  2981 | D:4      | Found a white marble altar of Elyvilon.
  3011 | D:4      | HP: 1/39 [gnoll/whip (2)]
  3012 | D:4      | Slain by a gnoll

Skill      XL: |  1  2  3  4 |
---------------+-------------+-----
Armour         | 2 |  2.4
Dodging        | 1 |  1.6
Long Blades    | 2 |  2.9
Maces & Flails | 1 |  1.9
Fighting       | |  3.7
Stealth        | |  0.4
Invocations    | |  2.7

Action                   |  1- 3 |  4- 6 || total
-------------------------+-------+-------++-------
Melee: Falchion          |    69 |    90 ||   159
       Mace              |    54 |    57 ||   111
       Kick              |       |     4 ||     4
Invok: Depart the Abyss  |     1 |       ||     1
  Use: Potion            |     1 |       ||     1
  Eat: Chunk             |     2 |     5 ||     7
Armor: Leather armour    |    23 |       ||    23
       Fire dragon scale |    37 |    94 ||   131
Dodge: Dodged            |    77 |    52 ||   129
       Rpst.: Falchion   |    11 |     7 ||    18
